 Dungeon Crawl Stone Soup version 0.26-a0-30-g56b8cd3df0 (webtiles) character file.

Game seed: 18422409341361354615, levelgen mode: deterministic

3362 MisterFreud the Carver (level 10, 0/65 HPs)
             Began as an Octopode Gladiator on May 29, 2020.
             Was a Believer of Cheibriados.
             Slain by Erica
             ... wielding a +2 scimitar of flaming
              (8 damage)
             ... on level 7 of the Dungeon.
             The game lasted 00:13:11 (9425 turns).

MisterFreud the Carver (Octopode Gladiator)         Turns: 9425, Time: 00:13:11

Health: 0/65       AC:  2    Str: 17    XL:     10   Next: 3%
Magic:  14/14      EV: 19    Int: 17    God:    Cheibriados [**....]
Gold:   381        SH:  0    Dex: 19    Spells: 9/9 levels left

rFire    . . .     SeeInvis .   t - +2 long sword (freeze)
rCold    . . .     Gourm    .   (no shield)
rNeg     + . .     Faith    .   b - +1 hat
rPois    .         Spirit   .   (no amulet)
rElec    .         Reflect  .   (no ring)
rCorr    .         Harm     .   A - ring of positive energy
MR       .....                  (no ring)
Stlth    +++.......             (no ring)
HPRegen  0.20/turn              (no ring)
MPRegen  0.14/turn              (no ring)
                                (no ring)
                                (no ring)

@: slowed, very slow
A: almost no armour, stealthy swim, amphibious, 8 rings, constrict 8, camouflage
1, gelatinous body 1
a: Bend Time, Renounce Religion


You were on level 7 of the Dungeon.
You worshipped Cheibriados.
Cheibriados was pleased with you.
You were not hungry.

You visited 2 branches of the dungeon, and saw 9 of its levels.

You collected 381 gold pieces.

Inventory:

Hand Weapons
 t - a +2 long sword of freezing (weapon)
Missiles
 c - 3 throwing nets (quivered)
 z - 9 poisoned darts
Armour
 b - a +1 hat (worn)
Jewellery
 o - an uncursed ring of fire
 A - a ring of positive energy (right tentacle)
Wands
 l - a wand of paralysis (11)
 p - a wand of acid (11)
 r - a wand of polymorph (9)
 s - a wand of random effects (31)
 u - a wand of flame (18)
 w - a wand of disintegration (13)
 y - a wand of iceblast (5)
Scrolls
 e - 2 scrolls of blinking
 f - 4 scrolls of identify
 g - 4 scrolls of teleportation
 h - 2 scrolls of fog
 i - 3 scrolls of enchant weapon
 n - 3 scrolls of magic mapping
Potions
 j - 3 potions of ambrosia
 k - 2 potions of lignification
 m - 2 potions of might
 q - 3 potions of stabbing
 v - 2 potions of mutation
 x - a potion of invisibility
Comestibles
 d - 5 rations


   Skills:
 + Level 4.5 Fighting
 - Level 10.0 Long Blades
 - Level 2.0 Throwing
 - Level 8.0 Dodging
 - Level 6.0 Invocations


You had 9 spell levels left.
You didn't know any spells.
Your spell library contained the following spells:

 Spells                   Type           Power        Failure   Level  Hunger
 Corona                   Hex            #......      24%         1    ##.....
 Slow                     Hex            #.......     34%         2    ###....
 Inner Flame              Hex/Fire       #.......     56%         3    ####...
 Portal Projectile        Hex/Tloc       #.....       56%         3    ####...
 Cause Fear               Hex            #.........   93%         4    #####..
 Leda's Liquefaction      Hex/Erth       #.........   93%         4    #####..


Dungeon Overview and Level Annotations

Branches:
Dungeon (8/15)             Temple (1/1) D:7
   Lair: D:8-11

Altars:
Ashenzari
Cheibriados
Dithmenos
Elyvilon
Fedhas
Gozag
Hepliaklqana
Kikubaaqudgha
Makhleb
Nemelex Xobeh
Okawaru
Qazlal
Ru
Sif Muna
Trog
Uskayaw
Wu Jian
Xom
Yredelemnul
Zin
The Shining One

Shops:
D:6 %

Annotations:
D:4 Pikel
D:7 Erica


Innate Abilities, Weirdness & Mutations

You cannot wear most types of armour.
You are very stealthy in the water. (Stealth+)
You are amphibious.
You can wear up to eight rings at the same time.
You can use your tentacles to constrict eight enemies at once.
Your skin changes colour to match your surroundings (Stealth+).
Your rubbery body absorbs attacks. (AC +1, EV +1)


Message History

The gnoll barely misses you. The gnoll barely misses you. Something hits you!
Something burns you.
You climb upwards.
Reactivating autopickup.
There is a stone staircase leading down here.
There is an open door here.
You hear some strange, mumbled words.
Deactivating autopickup; reactivate with Ctrl-A.
Something tries to affect you, but you resist.
You hear some strange, mumbled words.
You feel yourself slow down. Something barely misses you. Something hits you!
Something burns you.
There is an open door, spattered with blood here.
Something hits you! Something burns you.
You hit something. Something hits you!
* * * LOW HITPOINT WARNING * * *
Something burns you.
* * * LOW HITPOINT WARNING * * *
You barely miss something. Your squeeze misses something. Something hits you!
You die...

#####..##..###### ##..##..##....
..#....##.......# #...##..##....
...#...##..##..######.......#....
...'...##..##..##..##.......#....
..##...##..#...............#.....
..#######..'...........##..#...##
..##.......##..##..#########.#...
...........##..##..##..##......##
..####'##...'.>'@...#...........#
..##...######..######...........#
..#....##..##..##..##..##..##....
.<#....'...###'##......##..##..#.
..###.[##..'.......##.>##..##..#.
..###..##..#^......######..######
.......##..##..##.......#......#.
.......###+##+###.......'......#.
.).##..........##..######..##'###


There were no monsters in sight!

Vanquished Creatures
  A two-headed ogre (D:8)
  Grinder (D:3)
  Edmund (D:6)
  Duvessa (D:7)
  A black bear (D:8)
  2 slaves (D:4)
  2 ogres
  A big kobold (D:8)
  4 bullfrogs
  Dowan (D:7)
  3 scorpions
  10 killer bees
  4 wights (D:7)
  6 howler monkeys
  4 crimson imps
  A jelly (D:5)
  2 orc priests
  A hound (D:7)
  3 orc wizards
  An iguana (D:3)
  2 worker ants (D:5)
  A hound skeleton (D:6)
  2 worker ant zombies (D:7)
  7 gnolls
  5 adders
  2 shadow imps (D:8)
  An adder skeleton (D:3)
  A worm (D:3)
  A dart slug (D:3)
  5 leopard geckos
  24 orcs
  7 giant cockroaches
  9 goblins
  10 hobgoblins
  15 jackals
  A quokka (D:4)
  3 ball pythons
  9 bats
  3 frilled lizards
  9 kobolds
  A quokka skeleton (D:7)
  A quokka zombie (D:7)
  4 rats
173 creatures vanquished.

Notes
Turn   | Place    | Note
-------+----------+-------------------------------------------
     0 | D:1      | MisterFreud the Octopode Gladiator began the quest for the
                  | Orb.
     0 | D:1      | Reached XP level 1. HP: 14/14 MP: 1/1
   158 | D:1      | Reached XP level 2. HP: 19/20 MP: 2/2
   579 | D:1      | Reached XP level 3. HP: 21/26 MP: 3/3
  1641 | D:2      | Found a white marble altar of Elyvilon.
  2015 | D:3      | Reached XP level 4. HP: 33/33 MP: 4/4
  2136 | D:3      | HP: 2/49 [orc priest/divine providence (13)]
  2143 | D:3      | Reached skill level 4 in Long Blades
  2143 | D:3      | Reached XP level 5. HP: 34/37 MP: 5/5
  2494 | D:3      | Reached skill level 5 in Long Blades
  2849 | D:3      | Reached XP level 6. HP: 25/43 MP: 6/6
  3314 | D:3      | Noticed Grinder
  3322 | D:3      | Paralysed by Grinder for 2 turns
  3326 | D:3      | Killed Grinder
  3326 | D:3      | Reached skill level 6 in Long Blades
  3926 | D:4      | Reached XP level 7. HP: 45/48 MP: 7/7
  4216 | D:4      | Noticed Pikel
  4783 | D:5      | Entered Level 5 of the Dungeon
  4794 | D:5      | Reached skill level 5 in Dodging
  5531 | D:5      | Found the +3 pair of gauntlets of War {Slay+5}
  6413 | D:5      | Found a faded altar of an unknown god.
  6413 | D:5      | Found a glowing golden altar of the Shining One.
  6418 | D:5      | Found a shimmering blue altar of Sif Muna.
  6420 | D:5      | Found a faded altar of an unknown god.
  6421 | D:5      | Found an ornate altar of the Wu Jian Council.
  6655 | D:5      | Found a basalt altar of Yredelemnul.
  6681 | D:6      | Noticed Edmund
  6694 | D:6      | Killed Edmund
  6694 | D:6      | Reached XP level 8. HP: 33/54 MP: 8/8
  7028 | D:6      | Found Doqojaisu's Food Boutique.
  7336 | D:6      | Found a glowing silver altar of Zin.
  7337 | D:6      | Found an opulent altar of Gozag.
  7646 | D:7      | Found a staircase to the Ecumenical Temple.
  7660 | Temple   | Entered the Ecumenical Temple
  7908 | Temple   | Became a worshipper of Cheibriados the Contemplative
  8066 | D:7      | Reached skill level 7 in Long Blades
  8163 | D:7      | Reached * piety under Cheibriados
  8163 | D:7      | Reached skill level 8 in Long Blades
  8203 | D:7      | Reached XP level 9. HP: 55/58 MP: 9/9
  8289 | D:7      | Found an opulent altar of Gozag.
  8741 | D:7      | Noticed Duvessa
  8742 | D:7      | Noticed Dowan
  8745 | D:7      | Killed Duvessa
  8747 | D:7      | Killed Dowan
  8817 | D:7      | Reached skill level 9 in Long Blades
  8877 | D:8      | Found a shadowy altar of Dithmenos.
  8877 | D:8      | Found a bloodstained altar of Trog.
  8877 | D:8      | Noticed a two-headed ogre
  9149 | D:8      | Reached ** piety under Cheibriados
  9155 | D:8      | Reached skill level 10 in Long Blades
  9155 | D:8      | Noticed a two-headed ogre
  9169 | D:8      | Killed a two-headed ogre
  9169 | D:8      | Reached skill level 5 in Invocations
  9180 | D:8      | Reached XP level 10. HP: 27/64 MP: 10/14
  9409 | D:8      | Noticed Erica
  9425 | D:7      | Slain by Erica

Illustrated notes

Levels and vault maps discovered:
D:1:      evilmike_arrival_fibonacci_small, layout_basic, st_stairs_7,
          serial_bayou_crossing
D:2:      layout_rooms, elyvilon_altar_3
D:3:      layout_basic, dk_noncrumbling_4, moated_statue, uniq_grinder
D:4:      layout_loops_corners, first_ration, uniq_pikel
D:5:      layout_layer_cave, chequers_temple_overflow_minitemple,
          lemuel_coloured_pillars_altar
D:6:      layout_rooms, grunt_temple_overflow_gold_and_silver, serial_shops,
          shop, uniq_edmund
D:7:      layout_gridville, minmay_temple_entry_slanted,
          grunt_gozag_breadcrumbs, uniq_duvessa
D:8:      minmay_slanted_spiral_squares, layout_rooms, trog_ov_bears_minmay,
          grunt_dithmenos_smoke, uniq_erica, uniq_gastronok
Temple:   minmay_temple_forest_path

Skill      XL: |  1  2  3  4  5  6  7  8  9 |
---------------+----------------------------+-----
Fighting       | 3 4 |  4.5
Long Blades    | 4 5 6 8 10 | 10.0
Dodging        | 4 7 8 |  8.0
Invocations    | 6 |  6.0
Throwing       | |  2.0

Action                   |  1- 3 |  4- 6 |  7- 9 | 10-12 || total
-------------------------+-------+-------+-------+-------++-------
Melee: Long sword        |    68 |    66 |   241 |    12 ||   387
       Constrict         |    19 |    20 |    75 |     5 ||   119
       Tentacles         |    14 |    11 |    65 |     5 ||    95
Evoke: Wand              |       |       |     1 |       ||     1
  Use: Potion            |       |     5 |     2 |       ||     7
       Scroll            |       |       |    12 |       ||    12
 Stab: Sleeping          |     4 |     4 |     5 |       ||    13
       Distracted        |       |     1 |     1 |       ||     2
       Paralysed         |       |       |     5 |       ||     5
  Eat: Chunk             |     3 |     6 |    12 |       ||    21
       Ration            |       |       |     1 |       ||     1
Armor: Skin              |     8 |    62 |    12 |       ||    82
Dodge: Dodged            |    47 |    49 |   174 |    19 ||   289
       Rpst.: Long sword |    15 |    18 |    63 |     2 ||    98

Table legend:
 A = Non-vault XP
 B = Vault XP
 C = Vault XP percentage of total XP
 D = Non-vault monster count
 E = Vault monster count
 F = Vault count percentage of total count
                 A         B        C        D         E       F
            +---------+---------+-------+---------+---------+-------
      Total |    4005 |     799 |  16.6 |     164 |       7 |   4.1
            +---------+---------+-------+---------+---------+-------
        D:1 |      54 |       4 |   6.9 |      31 |       2 |   6.1
        D:2 |      18 |       0 |   0.0 |       9 |       0 |   0.0
        D:3 |     261 |     277 |  51.5 |      29 |       1 |   3.3
        D:4 |      24 |       0 |   0.0 |       6 |       0 |   0.0
        D:5 |     479 |       0 |   0.0 |      25 |       0 |   0.0
        D:6 |     311 |     173 |  35.7 |       6 |       1 |  14.3
        D:7 |    1086 |     214 |  16.5 |      29 |       2 |   6.5
        D:8 |    1772 |     131 |   6.9 |      29 |       1 |   3.3
            +---------+---------+-------+---------+---------+-------
